Map: Bridgehead LE (Void)

Players

wabbajack

  • Race: Zerg Zerg
  • League: Gold

Nemo - Winner!

  • Race: Zerg Zerg
  • League: Grandmaster

VOD

Have the link to the VOD?

Description

Time

  • Played on: July 21, 2015, 9:37 p.m.
  • Length: 5:57
Show
View Real Time Build Order
Export as new Build Order

wabbajack Zerg 

Build Orders: Hatch First 

Get SALT Encoding   

  12  0:01  Drone  
  13  0:13  Overlord  
  13  0:18  Drone  
  14  0:24  Extractor  
  14  0:25  Drone  
  15  0:32  Drone  
  16  0:36  Drone  
  16  0:38  Extractor  
  16  0:47  Drone  
  17  1:00  Hatchery  
  17  1:02  Drone  
  17  1:12  Drone  
  18  1:21  Spawning Pool  
  17  1:26  Drone  
  17  1:32  Drone  
  19  1:42  Drone  
  20  1:51  Overlord  
  20  2:08  Metabolic Boost, Queen  
  22  2:13  Roach Warren  
  21  2:17  Queen  
  23  2:28  Drone x3  
  26  2:31  Zergling x2  
  26  2:34  Drone  
  26  2:36  Drone  
  29  2:40  Drone  
  30  2:51  Overlord  
  30  2:52  Overlord  
  30  3:05  Roach  
  32  3:08  Roach  
  34  3:22  Roach  
  34  3:24  Roach x4  
  34  3:25  Roach x2  
  48  3:29  Overlord  
  48  3:36  Roach x2  
  52  4:08  Overlord  
  51  4:11  Overlord  
  51  4:12  Zergling x2  
  51  4:13  Zergling x14  
  59  4:24  Lair  
  59  4:27  Spine Crawler  
  58  4:33  Spine Crawler  
  58  4:36  Spine Crawler  
  56  4:46  Zergling x2  
  56  4:47  Zergling x14  
  64  5:03  Overlord  
  64  5:04  Zergling x2  
  64  5:05  Zergling x8  
  56  5:26  Drone x2, Hydralisk Den  
  56  5:27  Drone x4  
Show
View Real Time Build Order
Export as new Build Order

Nemo Zerg - Winner!

Build Orders: Pool First 

Get SALT Encoding   

  12  0:02  Drone  
  13  0:08  Drone  
  14  0:17  Overlord  
  14  0:34  Extractor  
  14  0:35  Drone  
  14  0:36  Drone  
  14  0:38  Drone  
  16  0:47  Spawning Pool  
  15  0:50  Drone  
  16  0:59  Drone  
  17  1:26  Hatchery  
  16  1:34  Queen  
  18  1:40  Metabolic Boost  
  18  1:46  Spine Crawler  
  17  1:52  Drone  
  18  1:54  Drone  
  18  1:59  Drone  
  20  2:16  Drone x2  
  22  2:25  Baneling Nest  
  21  2:33  Overlord, Extractor, Queen  
  22  2:44  Queen  
  24  2:59  Zergling x4  
  24  3:00  Zergling x4  
  24  3:02  Zergling x2  
  24  3:04  Zergling x2  
  30  3:14  Overlord  
  30  3:16  Drone  
  30  3:18  Drone  
  32  3:22  Drone  
  33  3:33  Drone  
  34  3:34  Drone  
  34  3:37  Drone x2  
  34  3:39  Drone  
  38  3:42  Baneling x2  
  38  3:55  Lair  
  35  4:13  Spine Crawler  
  35  4:15  Drone, Spine Crawler  
  35  4:17  Drone x2  
  35  4:18  Spine Crawler  
  35  4:32  Baneling x4  
  35  4:38  Queen  
  37  4:39  Drone x3  
  40  5:08  Queen  
  40  5:09  Spire  
  38  5:27  Zergling x6  
  38  5:28  Zergling x6  
Tags
 
Add a new tag
Caveats
  • Supply blocks, unpowered buildings, or Contaminate may cause inaccurate times.
  • Supply counts are checked every 10 seconds.